[Event "Chessable English Open-ch 2022"]
[Site "Kenilwoth"]
[Date "2022.05.19"]
[Round "2.15"]
[White "Zheng, Harry Z"]
[Black "Hepworth, Peter"]
[Result "0-1"]
[ECO "C07"]
[WhiteElo "1915"]
[BlackElo "1843"]
[Annotator "TA"]
[PlyCount "86"]
[EventDate "2022.05.18"]
[EventType "swiss"]
[EventCountry "ENG"]
[SourceTitle "playchess.com"]
[Source "ChessBase"]
[SourceQuality "1"]
[TimeControl "5400+30"]

1. e4 e6 2. d4 d5 3. Nd2 c5 4. exd5 Qxd5 5. Ngf3 cxd4 6. Bc4 Qd6 7. O-O Nf6 8. Nb3 Nc6 9. Nbxd4 Nxd4 10. Nxd4 Be7 11. c3 O-O 12. Qf3 a6 13. Re1 {[%emt 0:00:00] [#]} Ra7 $146 {[%emt 0:07:41] C07: French Tarrasch: 3...c5, 4 Ngf3 and 4 exd5 Qxd5.} (13... Qc7 $11 14. Bd3 Rd8) ({Predecessor:} 13... Qc7 14. Bb3 Bd7 15. Bf4 Bd6 16. Bxd6 Qxd6 17. Rad1 Qc7 18. h3 Rad8 19. Qe3 Rfe8 20. Nf3 Bc6 21. Ne5 Be4 {0-1 (31) Ognean,M (2298)-Liang,J (2342) Chess.com INT 2021}) 14. Be3 {[%emt 0:00:00][%cal Od4f5] Nf5! is the strong threat.} b6 15. Nc6 Bb7 {[%emt 0:01:23] White is better.} 16. Nxe7+ Qxe7 17. Qf4 (17. Qg3 $142) 17... Nd5 18. Bxd5 Bxd5 19. Bxb6 Rb7 20. Bd4 f6 21. Qe3 {[%emt 0:00:00] [#] Strongly threatening Bc5.} Rc8 {[%emt 0:02:13] Prevents Bc5.} 22. b3 Re8 23. Rad1 {[%emt 0:00:00] Hoping for Bc5.} Qf7 24. c4 Bc6 25. Qg3 (25. Bc3 $142) 25... Rd7 26. Bc3 e5 27. f3 Red8 28. Rxd7 Qxd7 29. Qf2 h5 30. h4 (30. Ba5 $16 Re8 31. h3) 30... Kf7 31. Ba5 Re8 32. Bb6 Qf5 33. Qc5 Re6 34. Qf2 (34. Bc7 $14 {is superior.}) 34... Rd6 35. Be3 (35. Ba5 {is more complex.} Qf4 36. Qc5 Re6 37. Qa7+) 35... Rd3 36. Kh2 Qe6 37. Re2 Qd6 38. Bc5 Qc7 39. Bb6 Qd7 40. Ba5 Qd6 41. Qa7+ Kg6 {[%emt 0:00:17] [#] And now ...e4+ would win.} 42. Qc7 ({Wrong is} 42. Qxa6 $2 e4+ 43. g3 Rxf3 $19) 42... Qd4 43. Be1 Rd1 {[%emt 0:07:42][%mdl 32768] Weighted Error Value: White=0.16 (very precise) /Black=0.16 (very precise) . Loss on time!?} 0-1

[Event "Chessable English Open-ch 2022"]
[Site "Kenilwoth"]
[Date "2022.05.19"]
[Round "2.16"]
[White "Kumar, Soham"]
[Black "Wells, Daniel J"]
[Result "1/2-1/2"]
[ECO "B30"]
[WhiteElo "1678"]
[BlackElo "2020"]
[Annotator "TA"]
[PlyCount "69"]
[EventDate "2022.05.18"]
[EventType "swiss"]
[EventCountry "ENG"]
[SourceTitle "playchess.com"]
[Source "ChessBase"]
[SourceQuality "1"]
[TimeControl "5400+30"]

1. e4 c5 2. Nf3 Nc6 3. Nc3 g6 4. Bc4 Bg7 5. O-O e6 6. Re1 {[%emt 0:01:31][%cal Od2d4] B30: Sicilian: 2...Nc6 3 Bb5, lines without ...g6.} d6 7. d3 Nge7 8. a3 {[%emt 0:01:22] The position is equal.} O-O 9. Rb1 a6 10. Bd2 b5 11. Ba2 d5 12. Qc1 Nd4 13. Nxd4 cxd4 14. Ne2 dxe4 15. dxe4 Bb7 16. Ng3 Rc8 {[%emt 0:01:43] [#]} 17. Qd1 $146 (17. Rd1 $15) ({Predecessor:} 17. Bg5 Qc7 18. Qd2 Nc6 19. Bh6 Rfd8 20. Rbd1 Bxh6 21. Qxh6 Qe5 22. Rd2 Na5 23. f4 {½-½ (60) Matikozian,A (2427)-Kiewra,K (2445) Orange 2015}) 17... Qc7 18. Rc1 Rfd8 19. Qf3 (19. Bg5 $142) 19... Nc6 $17 20. Bf4 Ne5 21. Bxe5 (21. Qd1 $17) 21... Qxe5 22. Qd3 a5 23. Qd2 (23. Rcd1 $142) 23... Qc7 24. Qg5 Be5 {[%emt 0:10:31] [#] Strongly threatening ...Bf4.} 25. Rcd1 Qc5 26. b4 (26. Rd2 $17) 26... axb4 ({Black should play} 26... Qd6 $19 27. Bb1 axb4 28. axb4 Rc4) 27. axb4 Qd6 ({Of course not} 27... Qxc2 $6 28. Qxe5 Qxa2 29. Qxb5 $11) 28. Qd2 (28. Bb3 $17) 28... Bf4 {[%emt 0:02:02] A strong pair of Bishops.} 29. Qe2 (29. Qd3 {might work better.}) 29... Qxb4 $19 30. Rb1 Qd6 31. Qxb5 Rxc2 {[%emt 0:01:34] [#] Hoping for ...Bc6.} 32. Qxb7 Rxa2 33. Rb6 (33. e5 {was necessary.} Bxe5 34. Ne4) 33... Rb8 (33... Qc5 $19 {is more deadly.} 34. Qc6 Qc3) 34. Rxd6 $17 Rxb7 35. Rxd4 {[%emt 0:00:00] Weighted Error Value: White=0.30/Black=0.18 (very precise)} 1/2-1/2

[Event "Chessable English Open-ch 2022"]
[Site "Kenilwoth"]
[Date "2022.05.20"]
[Round "3.1"]
[White "Derakhshani, Borna"]
[Black "Wadsworth, Matthew J"]
[Result "1/2-1/2"]
[ECO "A06"]
[WhiteElo "2388"]
[BlackElo "2432"]
[Annotator "TA"]
[PlyCount "112"]
[EventDate "2022.05.18"]
[EventType "swiss"]
[EventCountry "ENG"]
[SourceTitle "playchess.com"]
[Source "ChessBase"]
[SourceQuality "1"]
[TimeControl "5400+30"]

1. Nf3 d5 2. b3 Bg4 3. Bb2 Bxf3 4. exf3 e6 5. g3 Nf6 6. Bg2 {[%emt 0:00:12] A06: Réti Opening: 1 Nf3 d5.} g6 7. f4 Bg7 8. O-O {[%emt 0:00:34] The position is equal.} O-O 9. Re1 c5 {[%emt 0:01:09] [#]} 10. d4 $146 ({Predecessor:} 10. d3 Nc6 11. Nd2 Rc8 12. Nf3 d4 13. h4 b5 14. a4 b4 15. Ne5 Ne7 16. Bc1 h5 17. Bd2 Nf5 18. Qf3 Nd5 19. Bh3 Bf6 20. Re2 Nde7 21. Rae1 Kg7 {½-½ (21) Nihal,S (2556)-Kuybokarov,T (2499) Abu Dhabi 2018}) 10... Ne4 11. Nd2 Nxd2 $1 12. Qxd2 Nc6 13. c3 cxd4 14. cxd4 Qb6 15. Rad1 Rfc8 16. Bc3 a5 17. g4 Bh6 $1 18. h4 Qc7 19. g5 Bf8 20. h5 {[%emt 0:07:40] [#]} Bd6 $1 {[%emt 0:17:15] Strongly threatening ...Ne7.} ({Not} 20... gxh5 21. f5 $15) 21. f5 Nd8 22. hxg6 hxg6 ({And not} 22... Qxc3 23. gxf7+ Nxf7 24. fxe6 $15) 23. fxe6 Nxe6 24. Bxd5 {[%emt 0:00:15] [#]} (24. Rxe6 $142 fxe6 25. Qe2 Bh2+ 26. Kh1) 24... Qxc3 (24... Nf4 $1 $19 {[%cal Rf4d5] has better winning chances.} 25. Bf3 (25. Bc4 $2 Qd7 $19) 25... Qd8) 25. Qxc3 $17 Rxc3 26. Bxe6 fxe6 27. Rxe6 Rd8 28. Rxg6+ Kh7 29. Rh6+ Kg7 30. Re1 Rc7 31. Re4 Rcd7 32. Kg2 Bf8 33. Rb6 Rxd4 34. Rxb7+ R4d7 (34... Kg6 $5 35. Re6+ Kxg5 36. Re5+ Kf4 37. Rxa5 Bb4 38. Rf7+ Ke4 $17) 35. Rxd7+ Rxd7 $11 {[%emt 0:00:04][%mdl 4096] Endgame KRB-KR} 36. Re5 Bb4 37. a3 Bd2 38. b4 axb4 39. axb4 Bxb4 (39... Rd4 $15) 40. Rb5 ({White should try} 40. f4 $11) 40... Bd2 $15 41. Kg3 Rd4 42. Rb7+ Kg6 43. Rb6+ Kxg5 44. Rb5+ Kf6 45. Kg2 Bf4 46. Rb3 Kf5 47. Kf3 Be5 48. Ra3 Rh4 {[%emt 0:00:44] ( -> ...Rh3+)} 49. Kg2 {[%emt 0:00:12] Inhibits Rh3.} Rh2+ 50. Kg1 Bf4 51. Rf3 Rh8 52. Ra3 Kg4 53. Kg2 Rd8 54. Rb3 Rd2 55. Ra3 Be5 56. Rf3 Bf4 {[%emt 0:00:47] Black had all chances to win.  Weighted Error Value: White=0.14 (very precise) /Black=0.10 (very precise)} (56... Bd4 $17) 1/2-1/2

[Event "Chessable English Open-ch 2022"]
[Site "Kenilwoth"]
[Date "2022.05.20"]
[Round "3.2"]
[White "Hebden, Mark L"]
[Black "Ashton, Adam G"]
[Result "1-0"]
[ECO "D66"]
[WhiteElo "2452"]
[BlackElo "2366"]
[Annotator "TA"]
[PlyCount "59"]
[EventDate "2022.05.18"]
[EventType "swiss"]
[EventCountry "ENG"]
[SourceTitle "playchess.com"]
[Source "ChessBase"]
[SourceQuality "1"]
[TimeControl "5400+30"]

1. d4 d5 2. c4 e6 3. Nc3 Nf6 4. Bg5 Be7 5. e3 Nbd7 6. Rc1 O-O 7. Nf3 h6 8. Bh4 c6 9. Bd3 dxc4 10. Bxc4 b5 11. Bd3 a6 {[%emt 0:07:10] 11...Bb7 is the hot move.} 12. a4 Bb7 13. O-O Rc8 {[%emt 0:04:17] D66: Queen's Gambit Declined: Classical: Main Line (7 Rc1 c6 8 Bd3).} 14. Qe2 Qb6 15. Ne5 {[%emt 0:05:28] [#] Threatens to win with Nxd7.} Rfe8 {[%emt 0:08:41] White is better.} 16. Rfd1 ({Much worse is} 16. axb5 cxb5 17. f4 Rc7 $14) 16... b4 ({Black should play} 16... Nxe5 $14 17. dxe5 Nd7 18. Bxe7 Rxe7) 17. Bxf6 $16 {[%emt 0:06:12] White is much more active.} Nxf6 {[%emt 0:00:31] [#]} 18. Ne4 $146 {[%emt 0:00:58] Pair of Knights!} ({Predecessor:} 18. Nb1 c5 19. Nd2 cxd4 20. Ndc4 Qd8 21. exd4 Bf8 22. Bb1 Qe7 23. f4 Red8 24. Kh1 {0-1 (39) Starcic,T (2242)-Brinovec,D (2178) Dobrna 2002}) 18... Red8 (18... Nxe4 $16 {was called for.} 19. Bxe4 Bf8) 19. Nc5 $18 Bxc5 20. Rxc5 Nd7 21. Nxd7 Rxd7 22. a5 Qa7 23. Be4 Rb8 24. Rdc1 ({Don't do} 24. Bxc6 $6 Bxc6 25. Rxc6 Rb5 $16) 24... Rd6 25. h4 ({Much less strong is} 25. Bxc6 $6 Rxc6 26. Rxc6 Bxc6 $18) 25... Ba8 26. Bd3 Bb7 27. Qd2 Rd5 28. Qxb4 {[%emt 0:03:41] Black must now prevent Rxd5.} Bc8 $2 {[%emt 0:00:19] [#]} (28... Rd6 29. Be4 Ba8) 29. Rxc6 $1 Bd7 (29... Rd8 30. Rb6) 30. Qe7 {[%emt 0:05:00] Weighted Error Value: White=0.07 (flawless) /Black=0.56} 1-0

[Event "Chessable English Open-ch 2022"]
[Site "Kenilwoth"]
[Date "2022.05.20"]
[Round "3.3"]
[White "Royal, Shreyas"]
[Black "Harvey, Marcus R"]
[Result "1/2-1/2"]
[ECO "E05"]
[WhiteElo "2385"]
[BlackElo "2455"]
[Annotator "TA"]
[PlyCount "80"]
[EventDate "2022.05.18"]
[EventType "swiss"]
[EventCountry "ENG"]
[SourceTitle "playchess.com"]
[Source "ChessBase"]
[SourceQuality "1"]
[TimeControl "5400+30"]

1. d4 Nf6 2. c4 e6 3. Nf3 d5 4. g3 Be7 5. Bg2 O-O 6. O-O dxc4 7. Qc2 b5 8. a4 {[%emt 0:00:41] E05: Open Catalan: 5 Nf3 Be7.} b4 9. Nbd2 Bb7 10. Rd1 c5 11. Nxc4 Nbd7 12. Bf4 Be4 13. Qd2 Nb6 {[%emt 0:00:46] [#]} 14. Nce5 $146 ({Predecessor:} 14. Na5 c4 15. Ne5 Bxg2 16. Kxg2 Qd5+ 17. f3 Rac8 18. Nac6 Rxc6 19. a5 Nbd7 20. Nxc6 Qxc6 {0-1 (31) Maghsoodloo,P (2695)-Kezin,R (2492) Chess.com INT 2021}) 14... a5 15. dxc5 Bxc5 16. Qxd8 Rfxd8 17. Nd2 ({White should play} 17. Rxd8+ $14 Rxd8 18. Nxf7 $1 Kxf7 19. Ng5+ Ke7 20. Nxe4) 17... Bxg2 $11 18. Kxg2 (18. Nb3 {feels hotter.} Rxd1+ 19. Rxd1 Nxa4 20. Kxg2 Nxb2 21. Rb1) 18... Nfd5 19. Nb3 {[%emt 0:04:21] Prevents Bd4.} Bf8 20. Nc6 Nxf4+ 21. gxf4 Rxd1 22. Rxd1 Nxa4 23. Rd2 Nxb2 24. Rxb2 a4 25. Nba5 Ra6 26. Ra2 $1 a3 27. Rc2 g5 (27... h6 $11) 28. fxg5 $14 Bg7 29. Nb3 Bc3 30. Nca5 Kf8 31. Kf3 Ke7 (31... Kg7 $142) 32. Ke4 $16 Kd6 {[%emt 0:00:42] [#]} 33. Nb7+ (33. Ra2 $1 $16) 33... Kc6 $11 34. N7c5 Ra8 35. Ke3 Kb5 {[%emt 0:05:36] Hoping for ...Kc4.} 36. Ne4 Ka4 $2 (36... Rd8 $11) 37. Nec5+ Kb5 {[%emt 0:00:05] ...Kc4 is the strong threat.} 38. Ne4 Ka4 39. Nec5+ Kb5 {[%emt 0:00:05] Strongly threatening ...Kc4.} 40. Ne4 Ka4 {[%emt 0:01:28][%mdl 32768] Weighted Error Value: White=0.36/Black=0.31. An unexpected result.} 1/2-1/2

[Event "Chessable English Open-ch 2022"]
[Site "Kenilwoth"]
[Date "2022.05.20"]
[Round "3.4"]
[White "Pert, Richard G"]
[Black "Wells, Peter K"]
[Result "1/2-1/2"]
[ECO "D02"]
[WhiteElo "2415"]
[BlackElo "2374"]
[Annotator "TA"]
[PlyCount "45"]
[EventDate "2022.05.18"]
[EventType "swiss"]
[EventCountry "ENG"]
[SourceTitle "playchess.com"]
[Source "ChessBase"]
[SourceQuality "1"]
[TimeControl "5400+30"]

1. d4 Nf6 2. Nf3 d5 3. Bf4 c5 4. e3 Nc6 5. Nbd2 cxd4 6. exd4 {[%emt 0:00:25] D02: 1 d4 d5 2 Nf3 sidelines, including 2...Nf6 3 g3 and 2...Nf6 3 Bf4.} Qb6 7. Nb3 Bg4 {[%emt 0:04:09] 7...Bf5 injects fresh life into this line.} 8. Be2 {[%emt 0:01:55] The position is equal.} e6 9. O-O Be7 10. h3 Bh5 11. a4 a5 12. Ne5 Bxe2 13. Qxe2 {[%emt 0:00:05] [#]} O-O $146 ({Predecessor:} 13... Nxe5 14. dxe5 Nd7 15. Qg4 g6 16. Bh6 Nxe5 17. Qe2 f6 18. Rfe1 Kf7 19. Rad1 Rhe8 {1-0 (36) Agrest,E (2593)-Jensson,E (2386) Chess.com INT 2017}) 14. Qb5 Qa6 15. c3 Rfc8 16. Bg5 Rc7 17. Rfe1 Qa7 18. Bf4 {[%emt 0:08:37][%cal Oe5f7] [#] And now Nxf7! would win.} Rcc8 19. Rad1 Ne8 20. Nd7 {[%emt 0:04:28] Nb6 is the strong threat.} Bd6 21. Bxd6 Nxd6 22. Qc5 Nc4 {[%emt 0:00:57] [#] White must now prevent ...b6.} 23. Qxa7 {[%emt 0:01:26] An even fight not without its subleties.  Weighted Error Value: White=0.10 (very precise) /Black=0.10 (very precise)} 1/2-1/2

[Event "Chessable English Open-ch 2022"]
[Site "Kenilwoth"]
[Date "2022.05.20"]
[Round "3.5"]
[White "Roberson, Peter T"]
[Black "Boswell, Jacob Connor"]
[Result "1/2-1/2"]
[ECO "B03"]
[WhiteElo "2421"]
[BlackElo "2075"]
[Annotator "TA"]
[PlyCount "136"]
[EventDate "2022.05.18"]
[EventType "swiss"]
[EventCountry "ENG"]
[SourceTitle "playchess.com"]
[Source "ChessBase"]
[SourceQuality "1"]
[TimeControl "5400+30"]

1. e4 Nf6 2. e5 Nd5 3. d4 d6 4. c4 Nb6 5. f4 dxe5 6. fxe5 Nc6 7. Be3 Bf5 8. Nc3 e6 9. Nf3 Be7 10. Be2 Bg4 11. O-O Qd7 $1 12. Qe1 {[%emt 0:09:25] B03: Alekhine's Defence: Four Pawns Attack.} (12. Qd2 $14) 12... Bxf3 $15 13. Bxf3 {[%emt 0:11:17] [#] aiming for c5.} Nxc4 $146 ({Predecessor:} 13... Nxd4 14. Bxb7 Rb8 15. Qf2 Rxb7 16. Bxd4 O-O 17. b3 Qc6 18. Qe3 Nd7 19. Ne4 a5 20. Nf6+ Kh8 21. Rf3 gxf6 22. Rh3 Rg8 {0-1 (22) Zhandildinov,A (1853)-Ankudinova,E (2151) Pavlodar 2013}) 14. Bf2 {[%emt 0:15:51] Black is better.} O-O (14... Nxd4 $17 15. Rd1 (15. Bxb7 Rb8 $17) 15... Nxf3+ 16. gxf3 Qc6) 15. Qe2 $11 Nb6 16. Rad1 Nd5 17. Nxd5 exd5 18. Bg4 Qd8 19. Rd3 Bg5 20. Be1 f6 21. h4 Bh6 22. exf6 Rxf6 23. Rxf6 Qxf6 24. Qe6+ Kh8 {[%emt 0:01:43] Hoping for ...Qxe6.} 25. Qxd5 Rd8 (25... Rf8 26. Rf3 Qe7 27. Rxf8+ Qxf8 28. Bf2 $16) 26. Qe4 {[%emt 0:00:06] And now d5 would win.} Nxd4 ({Don't take} 26... Rf8 27. Bg3 (27. Rf3 Qd8 $16) 27... Qg6 28. Qxg6 hxg6 29. Bf3 $16 (29. Bxc7 Nxd4 30. Be5 Nf5 $16)) 27. Bf2 {[%emt 0:01:20] This bishop pair is nice.} c5 28. Qxb7 Rf8 29. Bf3 Bf4 30. Qxa7 Qf5 {[%emt 0:00:12] [#]} ({Don't do} 30... Nxf3+ 31. Rxf3 Qd6 32. Kh1 $16 (32. Bxc5 Qd1+ 33. Rf1 Be3+ 34. Kh2 Qxf1 $17)) 31. Bxd4 cxd4 32. Qxd4 Qa5 33. Qf2 {[%emt 0:02:52] Prevents Qe1+.} Qxa2 34. g3 $1 Be5 35. Qc5 (35. b3 $5 Qb1+ 36. Bd1 $14) 35... Qb1+ 36. Bd1 Rg8 37. Qd5 h6 38. Kg2 (38. b4 $14) 38... Qxb2+ 39. Rd2 (39. Kh3 {is more complex.} Qf2 40. Rf3 Qd4 41. Bb3) 39... Qc3 40. Rd3 Qb2+ 41. Rd2 (41. Kh3 {looks sharper.} Qf2 42. Rf3 Qd4 43. Qxd4 Bxd4 44. Bb3) 41... Qb8 42. Bc2 (42. Qd3 {with more complications.} g5 43. h5 Qb4 44. Rc2) 42... Qa8 43. Qxa8 Rxa8 {[%emt 0:00:01][%mdl 4096] Endgame KRB-KRB} 44. Re2 Bf6 45. Bg6 Rb8 46. Kh3 Kg8 47. Re3 Rc8 48. Re4 Kf8 49. Kg4 Rd8 50. Kf3 Be7 51. Rf4+ Kg8 52. Kg4 Rd6 53. Bc2 g5 54. Bb3+ Kh8 55. Rf7 Bd8 56. Rf8+ Kg7 57. Rf7+ Kh8 58. Kh5 gxh4 59. gxh4 Bb6 60. Re7 Bd4 61. Be6 {[%emt 0:00:34] Kg6 would kill now.} Bf6 62. Re8+ Kg7 63. Rg8+ Kh7 64. Re8 Rd4 65. Bf5+ Kg7 66. Re4 {[%emt 0:00:32] The position is equal.} Rd5 67. Rg4+ Kf7 68. Rf4 $1 Kg7 {[%emt 0:00:44] Weighted Error Value: White=0.11 (very precise) /Black=0.10 (very precise)} 1/2-1/2

[Event "Chessable English Open-ch 2022"]
[Site "Kenilwoth"]
[Date "2022.05.20"]
[Round "3.6"]
[White "Arkell, Keith C"]
[Black "Willow, Jonah B"]
[Result "1/2-1/2"]
[ECO "D27"]
[WhiteElo "2367"]
[BlackElo "2401"]
[Annotator "TA"]
[PlyCount "64"]
[EventDate "2022.05.18"]
[EventType "swiss"]
[EventCountry "ENG"]
[SourceTitle "playchess.com"]
[Source "ChessBase"]
[SourceQuality "1"]
[TimeControl "5400+30"]

1. d4 d5 2. Nf3 Nf6 3. c4 dxc4 4. e3 e6 5. Bxc4 a6 6. O-O c5 7. dxc5 Bxc5 8. Qxd8+ Kxd8 9. a3 Ke7 10. b4 Bd6 11. Nbd2 b5 12. Be2 Bb7 {[%emt 0:00:04] [#] The position is equal.} 13. Nb3 $146 {[%emt 0:14:37] D27: Queen's Gambit Accepted: Classical main line: 7 e4!? and 7 a4.} ({Predecessor:} 13. Bb2 Nbd7 14. Nb3 Bd5 15. Na5 Nb6 16. Rac1 Rhc8 17. Ne5 Bxe5 18. Bxe5 Nc4 19. Nxc4 Bxc4 20. Bxc4 Rxc4 21. Rxc4 bxc4 {0-1 (56) Terry,R (2503)-Caruana,F (2822) Chess.com INT 2018}) 13... Rc8 14. Na5 Bd5 15. Nd4 Nbd7 16. f3 Nb6 17. e4 Bc4 ({Resist} 17... Be5 18. Bb2 Bxd4+ 19. Bxd4 $16) 18. Be3 Bxe2 19. Nxe2 Nc4 20. Nxc4 Rxc4 21. Rfc1 Rac8 22. Rxc4 Rxc4 23. Rc1 Rxc1+ 24. Nxc1 $11 {[%emt 0:00:10][%mdl 4096] Endgame KBN-KBN} Nd7 25. Nd3 Ne5 26. Nxe5 Bxe5 {[%emt 0:00:03] KB-KB} 27. Bc1 {[%emt 0:00:05] Prevents Bb2.} Kd6 28. Kf2 Kc6 ({But not} 28... Bxh2 29. g3 $16) 29. h3 Kb6 30. Ke2 a5 31. Kd3 axb4 32. axb4 Kc6 {[%emt 0:00:04] A rather calm draw.  Weighted Error Value: White=0.03 (flawless) /Black=0.04 (flawless)} 1/2-1/2

[Event "Chessable English Open-ch 2022"]
[Site "Kenilwoth"]
[Date "2022.05.20"]
[Round "3.7"]
[White "Jackson, James P"]
[Black "Haydon, David L"]
[Result "1-0"]
[ECO "B12"]
[WhiteElo "2400"]
[BlackElo "2275"]
[Annotator "TA"]
[PlyCount "85"]
[EventDate "2022.05.18"]
[EventType "swiss"]
[EventCountry "ENG"]
[SourceTitle "playchess.com"]
[Source "ChessBase"]
[SourceQuality "1"]
[TimeControl "5400+30"]

1. e4 c6 2. d4 d5 3. e5 Bf5 4. Nf3 e6 5. Be2 Nd7 6. O-O h6 7. a4 {[%emt 0:02:08][%cal Ba2a4,Ba4a5][%mdl 32] 7.c3 is setting a new trend. B12: Caro-Kann: Advance Variation.} g5 {[%emt 0:07:49] [#]} 8. Ne1 $146 ({Predecessor:} 8. Na3 Bg7 9. c3 f6 10. Re1 g4 11. Nh4 fxe5 12. Nxf5 exf5 13. dxe5 Ne7 14. f4 gxf3 15. Bxf3 {½-½ (27) Serazeev,A (2511)-Ivanov,B (2401) ICCF email 2014}) 8... c5 9. c3 {[%emt 0:05:25] White has an edge.} Ne7 10. Bd3 Rc8 11. Be3 Rg8 (11... Bg7 $11) 12. a5 $14 a6 13. b4 c4 14. Be2 g4 15. Na3 f6 16. exf6 Nxf6 17. f3 {[%emt 0:04:16] Prevents Be4.} (17. Nb1 $11 {keeps the balance.}) 17... gxf3 (17... g3 $17 {aiming for ...gxh2+.} 18. hxg3 Rxg3) 18. Nxf3 Ng6 (18... Ne4 19. Ne5 Nc6 20. Bh5+ Ke7 21. Nf7 $14) 19. Ne5 Nxe5 $2 (19... Bd6 $1 $15 20. Nxg6 (20. Qa4+ $2 Ke7 $19) 20... Rxg6) 20. dxe5 $16 {[%emt 0:00:08] Black is on the road to losing.} Ne4 (20... Ng4 $16 {was called for.} 21. Bf4 Qh4) 21. Bh5+ $18 Ke7 22. Nc2 {[%emt 0:08:25][%cal Ba3c2,Bc2d4,Bd4f5][%mdl 32] Chess con chili.} Qc7 $2 {[%emt 0:00:00] [#]} (22... Rc6 23. Nd4 Qd7 24. Nxc6+ (24. Qe1 Kd8 $18) 24... bxc6) 23. Rxf5 $1 exf5 (23... Kd7 24. Qf3) 24. Qxd5 {[%emt 0:00:05] Intending Qf7+ and mate.} Rg7 {[%emt 0:00:00] Against Qf7+} 25. Nd4 Qd7 {[%emt 0:00:00] [#]} 26. Nxf5+ $1 Qxf5 27. Qxb7+ Qd7 28. Qxe4 {[%emt 0:00:05] Qh4+ would kill now.} Qc6 29. Bc5+ Kd7 30. Bg4+ Ke8 31. Bh5+ (31. Qxc6+ $142 Rxc6 32. Bh5+ Rcg6 33. Bxg6+ Rxg6 34. Bxf8 Kxf8 35. Rf1+ Ke8 36. Rf6) 31... Kd7 $1 32. Rd1+ Kc7 33. Bb6+ Kb8 34. Qe2 {[%emt 0:00:09] Threatens to win with Bf3.} Be7 35. Bf3 Qg6 36. Qe3 (36. e6 $142 Bf6 37. Rd7 Rxd7 38. exd7 Rh8 39. Qd2 Be7 40. Qd5 Qb1+ 41. Kf2) 36... Rf8 {[%emt 0:00:00] [#]} 37. Bc7+ $1 Kc8 38. Bd6 Bxd6 39. Rxd6 Qg5 40. Rc6+ {[%emt 0:00:40] White mates.} Kb8 41. Rb6+ Ka7 42. Rb7+ Ka8 43. Qa7# {[%emt 0:01:04] Weighted Error Value: White=0.38/Black=1.01} 1-0

[Event "Chessable English Open-ch 2022"]
[Site "Kenilwoth"]
[Date "2022.05.20"]
[Round "3.8"]
[White "Hackner, Oskar A"]
[Black "Southcott-Moyers, Indy"]
[Result "1/2-1/2"]
[ECO "A20"]
[WhiteElo "2177"]
[BlackElo "2028"]
[Annotator "TA"]
[PlyCount "87"]
[EventDate "2022.05.18"]
[EventType "swiss"]
[EventCountry "ENG"]
[SourceTitle "playchess.com"]
[Source "ChessBase"]
[SourceQuality "1"]
[TimeControl "5400+30"]

1. c4 e5 2. g3 Nf6 3. Bg2 c6 4. d4 e4 5. Nc3 Bb4 6. Bg5 {[%emt 0:06:32] A20: English Opening: 1...e5.} d5 7. cxd5 cxd5 8. Nh3 Nbd7 9. O-O Bxc3 10. bxc3 h6 11. Bc1 (11. Bxf6 $11 Nxf6 12. f3) 11... O-O $17 {[%emt 0:00:46] [#]} 12. Nf4 $146 ({Predecessor:} 12. f3 Nb6 13. Nf2 Re8 14. a4 Bf5 15. a5 Nc4 16. a6 b6 17. g4 Bh7 18. g5 hxg5 19. Bxg5 {0-1 (30) Mwali,C (2250)-Edouard,R (2680) Tromsoe 2014}) 12... Nb6 (12... g5 $6 13. Nh3 $11) 13. f3 Bf5 (13... Re8 $17) 14. g4 $15 Bh7 15. h4 exf3 16. exf3 Nfd7 17. g5 hxg5 18. hxg5 Re8 ({Don't play} 18... Qxg5 19. Ne6 $1 Qf6 20. Nxf8 Nxf8 21. a4 $11) 19. Nh5 Nf8 ({Better is} 19... Qc7 $15 20. Bf4 Qxc3) 20. f4 $1 $11 {[%emt 0:07:02] Black must now prevent f5.} Bf5 21. Ng3 Qd7 (21... Be4 $11 {is superior.}) 22. Qf3 (22. Nxf5 $14 Qxf5 23. a4) 22... Ng6 (22... Bg4 $11 23. Qd3 Nc4) 23. Nxf5 $14 Qxf5 24. Bh3 Qe4 25. f5 $36 {[%emt 0:02:32][%mdl 2048] Black is under pressure.} (25. Qg3 {seems wilder.} Nc4 26. f5 Qh4 27. Qf3) 25... Qxf3 26. Rxf3 Nf8 (26... Nh4 $11 {remains equal.} 27. Rf4 Re1+ 28. Bf1 Rae8) 27. Bf4 Re4 {[%emt 0:01:25] [#]} 28. Kf2 $1 Rae8 29. Bf1 {[%emt 0:00:06] Threatens to win with Bd3.} g6 30. Bb5 Nbd7 (30... Rc8 $14) 31. Bd3 (31. Bd6 $16) 31... gxf5 32. Bg3 {[%emt 0:02:33] This bishop pair is nice.} Nb6 33. Rh1 (33. Bxe4 $16 fxe4 34. Rf5) 33... Ng6 34. Rxf5 (34. Bxe4 $16 fxe4 35. Rf6) 34... R4e6 35. Rf3 Nd7 (35... Nc4 $11) 36. Rb1 $16 {[%emt 0:02:11] White is more active.} Rb6 {[%emt 0:01:01] [#]} (36... Nb6 $16 {is a better defense.}) 37. Rxb6 (37. Bb5 $1 $18 Re7 38. Bc7) 37... Nxb6 $14 38. Rf6 Kg7 39. Kg2 Re3 40. Bxg6 {[%emt 0:00:11] The position is equal.} (40. Rf3 $5 Re8 41. Kf2 $14) 40... fxg6 41. Be5 Nc4 42. Re6+ Kf7 43. Rf6+ Kg7 44. Re6+ {[%emt 0:01:54] Weighted Error Value: White=0.24 (precise) /Black=0.27 (precise)} 1/2-1/2